Cogmind - Beta 9.2 @@@ ROGUE MODE // 2019.11.27 @ 04:00:14 Player: Veon Result: Self-destructed Performance ------------- Evolutions (3) 1500 Regions Visited (5) 1000 Robots Destroyed (16) 80 Value Destroyed (274) 274 Prototype IDs (3) 60 Alien Tech Used (0) 0 Bonus (206) 206 TOTAL SCORE: 3120 Bonus ------- Follower Combat Kills 206 Cogmind --------- Core Integrity 183/700 Matter 275/300 Energy 310/310 System Corruption 0% Temperature Cool (9) Movement Core (200) Ox3 Location -7/Factory Parts ------- > --- POWER (2) -------- Heavy Deuterium Engine > --- PROPULSION (5) --- (None) > --- UTILITY (4) ------ Advanced Visual Processing Unit Improved Signal Interpreter > --- WEAPON (2) ------- (None) > --- INVENTORY (4) ---- Light Ion Engine Heat Sink Peak State ------------ > --- POWER ------------ Ion Engine Light Deuterium Engine > --- PROPULSION ------- Airjet Airjet Airjet Airjet > --- UTILITY ---------- Improved Signal Interpreter Transmission Jammer ECM Suite > --- WEAPON ----------- Heavy EM Shotgun Advanced Beam Cannon > --- INVENTORY -------- Light Ion Engine Terrain Scanner EM Shotgun [Rating: 29] Favorites ----------- Power Light Ion Engine Engine Light Ion Engine Power Core Light Nuclear Core Propulsion Airjet Wheel Wheel Hover Unit Airjet Flight Unit VTOL Module Utility Improved Signal Interpreter Device Transmission Jammer Storage Small Storage Unit Processor Improved Signal Interpreter Hackware Hacking Suite Weapon EM Shotgun Energy Gun EM Shotgun Energy Cannon Advanced Beam Cannon Ballistic Gun Assault Rifle Build | -11 -10 -9 -8 -8 -7 ------- Run | Scr Mat Mat Mat Sto Fac Slots Evolved 6 | . . 2 2 . 2 Power 1 | . . . 1 . . Propulsion 3 | . . 1 1 . 1 Utility 2 | . . 1 . . 1 Weapon . | . . . . . . Parts Attached 41 | 4 4 6 9 10 8 Power 8 | 1 . 1 2 2 2 Engine 6 | 1 . 1 2 1 1 Core 2 | . . . . 1 1 Reactor . | . . . . . . Propulsion 18 | 2 2 2 5 3 4 Treads . | . . . . . . Leg . | . . . . . . Wheel 2 | 2 . . . . . Hover 11 | . . . 4 3 4 Flight 5 | . 2 2 1 . . Utility 8 | 1 . 3 2 . 2 Device 4 | . . 1 2 . 1 Storage 1 | 1 . . . . . Processor 2 | . . 1 . . 1 Hackware 1 | . . 1 . . . Protection . | . . . . . . Artifact . | . . . . . . Weapon 7 | . 2 . . 5 . Energy Gun 4 | . 1 . . 3 . Energy Cannon 2 | . . . . 2 . Ballistic Gun 1 | . 1 . . . . Ballistic Cannon . | . . . . . . Launcher . | . . . . . . Special Weapon . | . . . . . . Impact Weapon . | . . . . . . Slashing Weapon . | . . . . . . Piercing Weapon . | . . . . . . Special Melee Weapon . | . . . . . . Unidentified Prototypes 3 | . . . . 2 1 Parts Lost 21 | . . . . 9 12 Power 4 | . . . . 2 2 Propulsion 11 | . . . . 5 6 Utility 2 | . . . . . 2 Weapon 4 | . . . . 2 2 Highest Loss Streak 9 | . . . . 9 8 Average Slot Usage (%) 76 | . 69 87 87 75 63 Engine 9 | . 14 11 15 11 . Core 3 | . . . . 4 7 Hover 14 | . . . 26 18 16 Flight 9 | . 24 33 9 . . Device 13 | . . 11 13 18 13 Storage 1 | . 14 3 . . . Processor 9 | . . 7 9 9 14 Hackware 2 | . . 10 4 . . Energy Gun 7 | . 11 11 9 8 3 Energy Cannon 3 | . . . . 6 5 Naked Turns . | . . . . . . Heaviest Build 20 | 7 10 13 15 20 20 Greatest Support 36 | 20 20 15 36 36 28 Greatest Overweight (x) 5 | . . . . 5 3 Average Overweight (x) . | . . . . . . Largest Inventory Capacity 6 | 6 6 6 4 4 4 Average Capacity 4 | 5 6 4 4 4 4 Most Carried 6 | 3 6 5 4 4 4 Average Carried 2 | 1 5 3 1 1 2 Final Capacity 6 | 6 6 4 4 4 4 Final Carried 6 | 3 6 3 2 2 2 Class Distribution -------------------- 60% | Infiltrator-Mutant 35% | Mutant 3% | Sprinter Dominant Class ---------------- Mutant | -10/Materials Mutant | -9/Materials Infiltrator-Mutant | -8/Materials Infiltrator-Mutant | -8/Storage Infiltrator-Mutant | -7/Factory Resources | -11 -10 -9 -8 -8 -7 ----------- Run | Scr Mat Mat Mat Sto Fac Matter Collected 485 | 165 60 18 107 135 . Remotely . | . . . . . . Salvage Created 397 | . 78 18 55 246 . Parts 38 | . 8 3 5 22 . Haulers Intercepted 1 | . . . 1 . . Recyclers Shooed 1 | . 1 . . . . Parts Field Recycled . | . . . . . . Retrieved Matter . | . . . . . . Parts Self-Destructed . | . . . . . . Prevented . | . . . . . . Kills | -11 -10 -9 -8 -8 -7 ------- Run | Scr Mat Mat Mat Sto Fac Combat Hostiles Destroyed 9 | . 3 . . 6 . Guns 6 | . 3 . . 3 . Cannons 1 | . . . . 1 . AOE 1 | . . . . 1 . Classes Destroyed 7 | . 2 1 2 2 . Worker 2 | . . . 1 1 . Hauler 1 | . . . 1 . . Operator 2 | . . 1 . 1 . Watcher 2 | . 1 . . 1 . Swarmer 6 | . 3 . . 3 . Grunt 1 | . . . . 1 . Sentry 2 | . . . . 2 . Best Kill Streak 4 | . 3 1 2 4 . Combat Bots Only 3 | . 3 . . 3 . Max Kills in Single Turn 1 | . 1 1 1 1 . Gunslinging . | . . . . . . Exploded 1 | . . . . 1 . Melee . | . . . . . . Uniques/NPCs Destroyed . | . . . . . . Combat | -11 -10 -9 -8 -8 -7 -------- Run | Scr Mat Mat Mat Sto Fac Damage Taken 2114 | . 32 98 . 939 1045 Core 823 | . 16 48 . 242 517 Absorbed by Shields . | . . . . . . Core Remaining (%) 84 | 100 93 88 . 56 . Volleys Fired 39 | . 9 3 5 17 5 Largest 2 | . 1 1 1 2 2 Hottest 124 | . 45 45 45 124 124 Shots Fired 48 | . 9 3 5 24 7 Gun 35 | . 9 3 5 16 2 Cannon 13 | . . . . 8 5 Launcher . | . . . . . . Special . | . . . . . . Kinetic . | . . . . . . Thermal 19 | . . . . 12 7 Explosive . | . . . . . . Electromagnetic 29 | . 9 3 5 12 . Robot Hit Streak 7 | . 4 1 4 7 4 Robot Miss Streak 3 | . 3 2 3 2 1 Penetration Max . | . . . . . . Secondary Targets . | . . . . . . Shots Hit Robots 36 | . 8 2 4 17 5 Core Hits 27 | . 5 2 4 10 6 Critical Hits 2 | . . . . 1 1 Critical Kills . | . . . . . . Critical Parts Destroyed 2 | . . . . 1 1 Melee Attacks . | . . . . . . Impact . | . . . . . . Slashing . | . . . . . . Piercing . | . . . . . . Sneak Attacks . | . . . . . . Combat Hostiles . | . . . . . . Follow-up Attacks . | . . . . . . Damage Inflicted 810 | . 113 35 178 357 127 Guns 382 | . 113 35 73 161 . Cannons 165 | . . . . 63 102 Explosions 238 | . . . 105 133 . Melee . | . . . . . . Ramming 25 | . . . . . 25 Kinetic . | . . . . . . Thermal 446 | . . . 105 239 102 Explosive . | . . . . . . Electromagnetic 339 | . 113 35 73 118 . Impact . | . . . . . . Slashing . | . . . . . . Piercing . | . . . . . . Highest Corruption . | . . . . . . Average Corruption . | . . . . . . Corruption Purged . | . . . . . . Overload Shots . | . . . . . . Overflow Damage 1 | . . . . 1 . Projectiles . | . . . . . . Explosions 1 | . . . . 1 . Melee . | . . . . . . Knockbacks . | . . . . . . Impact . | . . . . . . Kinetic . | . . . . . . Secondary . | . . . . . . Self-Inflicted Damage 84 | . . . . 73 11 Shots 2 | . . . . 2 . Rammed 6 | . . . . . 6 Targets Rammed 6 | . . . . . 6 Kicked . | . . . . . . Crushed . | . . . . . . Highest Temperature 285 | . 32 14 54 285 229 Average Temperature 62 | . 14 8 29 71 114 Received Heat Transfer 681 | . . 42 . 333 306 Effects 3 | . . . . . 3 Interference 3 | . . . . . 3 Siege Activations . | . . . . . . Robots Corrupted 1 | . . . . 1 . Combat Hostiles 1 | . . . . 1 . Parts Fried 2 | . . . . 2 . Impact Corruptions . | . . . . . . Robots Melted . | . . . . . . Combat Hostiles . | . . . . . . Parts Melted 1 | . . . . 1 . Heat Transferred 757 | . . . 150 422 185 Parts Sabotaged . | . . . . . . Parts Stolen . | . . . . . . Parts Stripped . | . . . . . . Power Chain Reactions 3 | . . . 1 2 . Missiles Intercepted . | . . . . . . Alert | -11 -10 -9 -8 -8 -7 ------- Run | Scr Mat Mat Mat Sto Fac Peak Influence 215 | . 107 139 79 215 97 Average Influence 89 | . 43 97 62 121 78 Maximum Alert Level 1 | . . . . 1 . Low Security (%) 99 | 100 100 100 100 99 100 Level 1 . | . . . . . . Level 2 . | . . . . . . Level 3 . | . . . . . . Level 4 . | . . . . . . Level 5 . | . . . . . . High Security . | . . . . . . Max Security . | . . . . . . Squads Dispatched 7 | . . 2 1 4 . Investigation 1 | . . . 1 . . Extermination . | . . . . . . Reinforcement 4 | . . 2 . 2 . Assault . | . . . . . . Garrison 2 | . . . . 2 . Intercept . | . . . . . . Construction Impeded . | . . . . . . Haulers Reinforced . | . . . . . . Stealth | -11 -10 -9 -8 -8 -7 --------- Run | Scr Mat Mat Mat Sto Fac Distress Signals 3 | . . . . 1 2 Communications Jammed 1 | . . . . 1 . Distress Signals 1 | . . . . 1 . Times Spotted 74 | . 5 17 3 31 18 Peak Tracking Total 10 | . 3 10 3 10 9 Tactical Retreats 16 | . 1 3 . 8 4 Traps | -11 -10 -9 -8 -8 -7 ------- Run | Scr Mat Mat Mat Sto Fac Traps Triggered 1 | . . . 1 . . Indirectly . | . . . . . . Trap Hack Attempts . | . . . . . . Triggered . | . . . . . . Disarmed . | . . . . . . Reprogrammed . | . . . . . . Reused . | . . . . . . Traps Extracted . | . . . . . . Installed . | . . . . . . Triggered 1 | . . . . 1 . Machines | -11 -10 -9 -8 -8 -7 ---------- Run | Scr Mat Mat Mat Sto Fac Machines Disabled . | . . . . . . Max in Single Turn . | . . . . . . Machines Sabotaged . | . . . . . . Garrisons Compromised . | . . . . . . Overloaded Fab Kills . | . . . . . . Fab Network Shutdowns . | . . . . . . Hacking | -11 -10 -9 -8 -8 -7 --------- Run | Scr Mat Mat Mat Sto Fac Machines Accessed 3 | . . . 1 2 . Terminals 3 | . . . 1 2 . Fabricators . | . . . . . . Repair Stations . | . . . . . . Recycling Units . | . . . . . . Scanalyzers . | . . . . . . Garrison Access . | . . . . . . Total Hacks 7 | . . . 2 5 . Successful 3 | . . . 1 2 . Failed 4 | . . . 1 3 . Catastrophic . | . . . . . . Database Lockouts . | . . . . . . Manual 6 | . . . 2 4 . Terminals 7 | . . . 2 5 . Fabricators . | . . . . . . Repair Stations . | . . . . . . Recycling Units . | . . . . . . Scanalyzers . | . . . . . . Garrison Access . | . . . . . . Terminal Hacks 3 | . . . 1 2 . Open Door 1 | . . . . 1 . Zone Layout 2 | . . . 1 1 . Fabricator Hacks . | . . . . . . Repair Station Hacks . | . . . . . . Recycling Unit Hacks . | . . . . . . Scanalyzer . | . . . . . . Garrison Access Hacks . | . . . . . . Unauthorized Hacks . | . . . . . . Terminals . | . . . . . . Fabricators . | . . . . . . Repair Stations . | . . . . . . Recycling Units . | . . . . . . Scanalyzers . | . . . . . . Garrison Access . | . . . . . . Data Cores Recovered . | . . . . . . Used . | . . . . . . Hacking Detections 3 | . . . 1 2 . Full Trace Events 1 | . . . 1 . . Feedback Events . | . . . . . . Feedback Blocked . | . . . . . . Robot Schematics Acquired . | . . . . . . Robots Built . | . . . . . . Matter . | . . . . . . Time . | . . . . . . Total Robot Build Rating . | . . . . . . Part Schematics Acquired . | . . . . . . Parts Built . | . . . . . . Matter . | . . . . . . Time . | . . . . . . Total Part Build Rating . | . . . . . . Parts Repaired . | . . . . . . Time . | . . . . . . Parts Recycled . | . . . . . . Recycled Matter . | . . . . . . Retrieved Matter . | . . . . . . Retrieved Components . | . . . . . . Parts Scanalyzed . | . . . . . . Part Schematics Acquired . | . . . . . . Parts Damaged . | . . . . . . Bothacking | -11 -10 -9 -8 -8 -7 ------------ Run | Scr Mat Mat Mat Sto Fac Used RIF Installer . | . . . . . . Robots Hacked . | . . . . . . Non-combat . | . . . . . . Combat . | . . . . . . Robot Hacks Applied . | . . . . . . Relay Couplers Released . | . . . . . . Robots Rewired . | . . . . . . Allies Hacked . | . . . . . . Hacks Repelled . | . . . . . . Allies | -11 -10 -9 -8 -8 -7 -------- Run | Scr Mat Mat Mat Sto Fac Total Allies 10 | . . . . 10 . Largest Group 9 | . . . . 9 . Highest-Rated Group 157 | . . . . 157 . Highest-Rated Ally 29 | . . . . 29 . Total Orders 1 | . . . . 1 . ROAM 1 | . . . . 1 . Ally Attacks 48 | . . . . 48 . Total Damage 706 | . . . . 706 . Kills 6 | . . . . 6 . Allies Corrupted . | . . . . . . Allies Melted . | . . . . . . Intel | -11 -10 -9 -8 -8 -7 ------- Run | Scr Mat Mat Mat Sto Fac Robot Analysis Total . | . . . . . . Derelict Logs Recovered . | . . . . . . Drone Launches . | . . . . . . Drone Recoveries . | . . . . . . Exploration | -11 -10 -9 -8 -8 -7 ------------- Run | Scr Mat Mat Mat Sto Fac Turns Passed 1737 | 38 143 304 262 588 402 Spaces Moved 1893 | 35 271 436 212 358 581 Core 129 | 3 . . . 55 71 Treads . | . . . . . . Legs . | . . . . . . Wheels 43 | 32 11 . . . . Hover 986 | . . . 173 303 510 Flight 735 | . 260 436 39 . . Fastest Speed 31 | 50 37 34 31 48 50 Average Speed 50 | 77 38 34 44 73 55 Slowest Speed 300 | 80 80 34 56 300 200 Overloaded Moves . | . . . . . . Propulsion Burnouts . | . . . . . . Robots Hopped 5 | . . 5 . . . Cave-ins Triggered . | . . . . . . Exploration Rate (%) 25 | 4 43 27 19 43 16 Regions Visited 5 Branch Regions 1 Pre-discovered Areas . | . . . . . . Known Exits Taken 3 | . . 1 1 1 . Unknown Exits Taken 2 | 1 1 . . . . Scrap Searched . | . . . . . . Spaces Dug . | . . . . . . Terrain Destroyed 11 | . . . 2 9 . Melee . | . . . . . . Projectile . | . . . . . . AOE 11 | . . . 2 9 . Actions | -11 -10 -9 -8 -8 -7 --------- Run | Scr Mat Mat Mat Sto Fac Total 2611 | 45 299 583 372 659 653 Wait 586 | . 7 140 135 257 47 Move 1878 | 34 270 425 211 357 581 Hop 5 | . . 5 . . . Pick Up 39 | 7 6 2 7 11 6 Fast Attach . | . . . . . . Attach 26 | 4 2 4 2 8 6 Detach 1 | . 1 . . . . Swap 15 | . 2 2 7 2 2 Drop 12 | . 2 2 5 3 . Fire 39 | . 9 3 5 17 5 Melee . | . . . . . . Ram 6 | . . . . . 6 Kick . | . . . . . . Crush . | . . . . . . Escape Stasis . | . . . . . . Rewire 4 | . . . . 4 . Trap . | . . . . . . Miscellaneous . | . . . . . . Route ------- -11/Scrapyard -10/Materials -9/Materials -8/Materials (discovered 2 exits: *Sto x2) -8/Storage -7/Factory History --------- Turn | Location | Event 26 | -11/Scrapyard | Discovered new exit (range 15) 39 | -11/Scrapyard | Entered Materials 150 | -10/Materials | Discovered new exit (range 6) 182 | -10/Materials | Entered another Materials area 182 | -9/Materials | Evolved 2 slots: Propulsion x1, Utility x1 318 | -9/Materials | Build established: Mutant 485 | -9/Materials | Discovered new exit (range 3) 486 | -9/Materials | Identified exit to Materials 486 | -9/Materials | Entered another Materials area 486 | -8/Materials | Evolved 2 slots: Power x1, Propulsion x1 717 | -8/Materials | Discovered new exit (range 9) 743 | -8/Materials | Discovered new exit (range 3) 744 | -8/Materials | Identified exit to Storage 748 | -8/Materials | Entered Storage 914 | -8/Storage | Build established: Infiltrator-Mutant 976 | -8/Storage | Assisted by bots powering up and referring to "LRC-V3" 994 | -8/Storage | Lost 9 parts (2p5n2w) 1182 | -8/Storage | Garrison activated, responded to threat 1333 | -8/Storage | Discovered new exit (range 5) 1335 | -8/Storage | Identified exit to Factory 1336 | -8/Storage | Entered Factory 1336 | -7/Factory | Evolved 2 slots: Propulsion x1, Utility x1 1572 | -7/Factory | Lost 4 parts (2p1n1w) 1722 | -7/Factory | Core integrity fell below 50% 1738 | -7/Factory | Self-destructed Last Messages --------------- Slammed into K-01 Serf. Gravmag System destroyed. Slammed into K-01 Serf. Destabilizing: Short circuit. ECM Suite permanently disabled. Slammed into K-01 Serf. Slug penetrates Wall. Slammed into U-05 Engineer. Slammed into K-01 Serf. K-01 Serf sends out distress signal. Imp. Hover Unit destroyed. Transmission Jammer destroyed. Slug penetrates Wall. ECM Suite destroyed. Acquired Airjet. Identified Hvy. Deuterium Engine. Acquired Airjet. S-27 Virus destroyed. Acquired Airjet. Airjet destroyed. Map ----- +----------------------------------------------------+ | ????????????????????????????????????????????????? | | ????????????????????????????????????????????????? | | ????????????????????????????????????????????????? | | ????????????????????????????????????????????????? | | ????????????????????????????????????????????????? | | ????????????????????????????????????????????????? | | ????????????????????????????????????????????????? | | ????????????????????????????????????????????????? | | ????????????????????????????????????????????????? | | ????????????????????????????????????????????????? | | ????????????????????????????????????????????????? | | ????????????????????????????????????????????????? | | ????????????????????????????????????????????????? | | ????????????????????????????????????????????????? | | ????????????????????????????????????????????????? | | ????????????????????????????????????????????????? | | ????????????????????????????????????????????????? | | ????????????????????????????????????????????????? | | ??????????#+########################????????????? | | # #????????????? | | # #????????????? | | # #????????????? | | # [ g #????????????? | | # !== g #????????????? | | # ! s #????????????? | | # s@ #????????????? | | # *% gg !#????????????? | | ####+###############????????????? | | == #??????????????????????? | | #??????????????????????? | | #??????????????????????? | | #??????????????????????? | | #??????????????????????? | | #??????????????????????? | | ^ #??????????????????????? | | ################## ^ #??????????????????????? | | #????????????????# #??????????????????????? | | +????????????????# #??????????????????????? | | #????????????????# #??????????????????????? | | ?????????????????# +??????????????????????? | | ?????????????????# #??????????????????????? | | ?????????????????# #??????????????????????? | | ?????????????????# #??????????????????????? | | ?????????????????? #??????????????????????? | | ?????????????????? #??????????????????????? | | ?????????????????? ? ????????????????????????? | | ??????????????????? ????????????????????????????? | | ????????????????????????????????????????????????? | | ????????????????????????????????????????????????? | | ????????????????????????????????????????????????? | +----------------------------------------------------+ Best States ------------- Heat Dissipation 44 Energy Generation 23 Energy Capacity 310 Matter Stores 300 Matter Capacity 300 Sight Range 20 Terrain Scan Range 14 Terrain Scan Density 10 ECM Strength 1 Jamming Range 8 Evasion (%) 63 Offensive Hacking 10 Item Schematics ----------------- None Robot Schematics ------------------ None Fabricated ------------ Nothing Alien Tech Used ----------------- None Achievements -------------- No Signal Power Corrupts Slippery One The More The Merrier Challenges ------------ None Game ------ Seed BattleTransmissionMatter Manual? 0 Play Time 00:32:24 Cumulative 4.9 hours Start 2019.11.27 @ 03:26:16 End 2019.11.27 @ 04:00:14 Sessions 1 Manual Loads 0 Difficulty Rogue Special Mode None Game No. 6 Rogue 6 Adventurer 0 Explorer 0 Win Type - Total 0 Types 0/0/0/0/0/0/0 Lore% 2 Gallery% 10 Achievement% 10 Wizard Run 0 Options --------- ASCII 0 Keyboard 0 Movement Numpad Keybinds 0 Fullscreen 1 Font 24/Terminus Map View 76x50 Tactical HUD 0 Map Filters NONE Filters NONE Steam 1 RUN: a463d002-1c15-49ca-b55d-111fa67e3a25